 Dungeon Crawl Stone Soup version 0.27-a0-1196-g3e9cee4cb2 (webtiles) character file.

Game seed: 3023342460474324357

9 Kold the Skirmisher (level 2, 24/24 HPs)
             Began as a Demonspawn Monk on May 28, 2021.
             Quit the game on level 1 of the Dungeon.
             The game lasted 00:00:54 (812 turns).

Kold the Skirmisher (Demonspawn Monk)                Turns: 812, Time: 00:00:55

Health: 24/24      AC:  2    Str: 11    XL:     2   Next: 3%
Magic:  2/2        EV: 13    Int: 11    God:
Gold:   36         SH:  0    Dex: 15    Spells: 1/1 levels left

rFire    . . .     SeeInvis .     - Unarmed
rCold    + . .     Faith    .   (no shield)
rNeg     . . .     Spirit   .   a - +0 robe
rPois    .         Reflect  .   (no helmet)
rElec    .         Harm     .   (no cloak)
rCorr    .         Rampage  .   (no gloves)
Will     .....                  (no boots)
Stlth    ++........             (no amulet)
HPRegen  0.08/turn              b - ring of protection from cold
MPRegen  0.08/turn              c - ring of wizardry

@: no status effects
A: spiny 1
a: no special abilities


You were on level 1 of the Dungeon.
You visited 1 branch of the dungeon, and saw 1 of its levels.

You collected 36 gold pieces.

Inventory:

Armour
 a - a +0 robe (worn)
 e - a +0 cloak
Jewellery
 b - a ring of protection from cold (left hand)
 c - a ring of wizardry (right hand)
 f - a ring of flight
Potions
 d - a potion of degeneration {unknown}


   Skills:
 - Level 3.0 Fighting
 + Level 2.9 Dodging
 - Level 2.0 Stealth
 + Level 2.9 Unarmed Combat


You had one spell level left.
You didn't know any spells.
Your spell library was empty.

Dungeon Overview and Level Annotations

Branches:
Dungeon (1/15)

Altars:


Innate Abilities, Weirdness & Mutations

You are partially covered in sharp spines.


Message History

The bat barely misses you.
You hit the bat.
You kill the bat!
No target in view!
A bat comes into view.
A bat is nearby!
The bat barely misses you.
You closely miss the bat. You punch the bat.
The bat is severely wounded.
The bat barely misses you.
You closely miss the bat.
The bat is severely wounded.
The bat hits you but does no damage.
You hit the bat but do no damage.
The bat is moderately wounded.
The bat barely misses you.
A bat is nearby!
You hit the bat.
The bat is severely wounded.
The bat misses you. The bat hits you.
You completely miss the bat.
The bat is severely wounded.
The bat completely misses you.
You hit the bat.
You kill the bat!
No target in view!
You open the door.
A goblin comes into view. It is wielding a +0 club.
A goblin is nearby!
There is an open door here.
The goblin shouts!
You barely miss the goblin. The goblin barely misses you.
You barely miss the goblin. The goblin hits you but does no damage.
You hit the goblin.
You kill the goblin!
You have reached level 2!
Your demonic ancestry asserts itself...
Sharp spines emerge from parts of your body.
f - a ring of flight Are you sure you want to abandon this character and quit the game? (Confirm with "yes".)

................†.....####...#..
................).......>#......
########'#####...................
#.........# #.#.###....#.#...#..
#.........# #........#.#.[......
#.........# ###.###..#..........
#.........######+###..##...#.#.##
#.........#.......##..##...#.#.##
'.........#.....@.##..###..#.#.##
#.........#.......##..# #........
#.........#.......##..###......##
#.........#....)..'..............
###...#####.......#..#####...####
#...# #########..# ##..# # #...#
###########..######.>#### ###...#
#........##.............# .##...#
#........##.##..........#


There were no monsters in sight!

Vanquished Creatures
  2 ball pythons (D:1)
  3 bats (D:1)
  A goblin (D:1)
  A hobgoblin (D:1)
  A kobold (D:1)
  A rat (D:1)
9 creatures vanquished.

Notes
Turn   | Place    | Note
-------+----------+-------------------------------------------
     0 | D:1      | Kold the Demonspawn Monk began the quest for the Orb.
     0 | D:1      | Reached XP level 1. HP: 18/18 MP: 1/1
   584 | D:1      | Found a faded altar of an unknown god.
   808 | D:1      | Gained mutation: You are partially covered in sharp spines.
                  | [demonic ancestry]
   808 | D:1      | Reached XP level 2. HP: 24/24 MP: 2/2
   812 | D:1      | Quit the game

Illustrated notes

Levels and vault maps discovered:
D:1:      dpeg_arrival_round_b, layout_basic, ebering_ecumenical_altar_rust

Skill      XL: |  1 |
---------------+----+-----
Stealth        | 2 |  2.0
Fighting       | |  3.0
Dodging        | |  2.9
Unarmed Combat | |  2.9

Action                   || total
-------------------------++-------
Melee: Unarmed           ||    44
       Punch             ||     1
 Stab: Sleeping          ||     1
Armor: Robe              ||     9
Dodge: Dodged            ||    32

Table legend: (Time is in decaauts)
 A = Elapsed time spent in this place.
 B = Non-inter-level travel time spent in this place.
 C = Inter-level travel time spent in this place.
 D = Time resting spent in this place.
 E = Time spent auto-exploring this place.
 F = Levels seen in this place.
 G = Mean time per level.
                   A        B        C        D        E       F      G
               +--------+--------+--------+--------+--------+-----+--------+
         Total |    809 |    804 |      5 |    202 |    513 |   1 |  809.0 |
       Dungeon |    809 |    804 |      5 |    202 |    513 |   1 |  809.0 |
               +--------+--------+--------+--------+--------+-----+--------+

Top non-repeatable levels by time:
     D:1: 809 daAuts
